 Dungeon Crawl Stone Soup version 0.27-a0-1191-g601b473118 (webtiles) character file.

Game seed: 2566393323606926604

4 shoop the Chucker (level 1, 0/19 HPs)
             Began as a Troll Hunter on May 23, 2021.
             Succumbed to an adder's poison
             ... on level 2 of the Dungeon.
             The game lasted 00:00:25 (109 turns).

shoop the Chucker (Troll Hunter)                     Turns: 109, Time: 00:00:26

Health: 0/19       AC:  4    Str: 19    XL:     1   Next: 50%
Magic:  0/0        EV:  9    Int:  7    God:
Gold:   0          SH:  0    Dex: 10    Spells: 0/0 levels left

rFire    . . .     SeeInvis .   (no weapon)
rCold    . . .     Faith    .   (no shield)
rNeg     . . .     Spirit   .   b - +0 robe
rPois    .         Reflect  .   (helmet restricted)
rElec    .         Harm     .   (no cloak)
rCorr    .         Rampage  .   (gloves unavailable)
Will     .....                  (boots unavailable)
Stlth    +.........             (no amulet)
HPRegen  1.06/turn              (no ring)
MPRegen  0.07/turn              (no ring)

@: lethally poisoned (0 -> -8)
A: large, unfitting armour, claws 3, regeneration 1, shaggy fur 1, tough skin 1
a: no special abilities


You were on level 2 of the Dungeon.
You visited 1 branch of the dungeon, and saw 2 of its levels.

Inventory:

Missiles
 c - 5 large rocks (quivered)
 d - 2 throwing nets
Armour
 b - a +0 robe (worn)
Scrolls
 a - a scroll of identify {unknown}


   Skills:
 - Level 1.5 Fighting
 + Level 3.6 Throwing
 - Level 1.5 Dodging
 - Level 0.3 Stealth
 * Level 0.8 Unarmed Combat


You couldn't memorise any spells.
You didn't know any spells.
Your spell library was empty.

Dungeon Overview and Level Annotations

Branches:
Dungeon (2/15)

Altars:


Innate Abilities, Weirdness & Mutations

You are too large for most types of armour.
You have claws for hands.
Your natural rate of healing is unusually fast.
You are covered in fur. (AC +1)
You have tough skin. (AC +1)


Message History

You claw the adder!
The adder is almost dead.
You feel sick. The adder closely misses you. The adder barely misses you.
You closely miss the adder.
The adder is almost dead.
You feel sick. The adder barely misses you.
You miss the adder.
The adder is almost dead.
You feel sick. The adder bites you but does no damage.
You closely miss the adder.
The adder is almost dead.
You feel sick.
You are no longer poisoned.
The adder bites you.
You are poisoned.
The adder poisons you!
An endoplasm comes into view.
The adder bites you.
You are more poisoned.
The adder poisons you!
You barely miss the adder.
The adder is almost dead.
You feel very sick. The adder bites you.
You are lethally poisoned!
The adder poisons you!
You are too injured to fight recklessly!
You are too injured to fight recklessly!
You barely miss the adder.
The adder is almost dead.
* * * LOW HITPOINT WARNING * * *
You feel very sick.
The endoplasm quivers.
The adder bites you.
* * * LOW HITPOINT WARNING * * *
You are more poisoned.
The adder poisons you!
You closely miss the adder.
The adder is almost dead.
You die...

..### ..... ....
... (
#.########..
#...........
#........(..
#<.@S....J.
...$.............
.................
.......#########.
....... .(.....
....... .......


You could see an adder and an endoplasm.

Vanquished Creatures
  An endoplasm (D:1)
  A hobgoblin (D:1)
  A ball python (D:2)
  A frilled lizard (D:1)
4 creatures vanquished.

Notes
Turn   | Place    | Note
-------+----------+-------------------------------------------
     0 | D:1      | shoop the Troll Hunter began the quest for the Orb.
     0 | D:1      | Reached XP level 1. HP: 19/19 MP: 0/0
   109 | D:2      | Succumbed to an adder's poison

Illustrated notes

Levels and vault maps discovered:
D:1:      lightli_arrival_quake, layout_basic,
          hellmonk_ecumenical_altar_inner_sanctum, minivault_24
D:2:      layout_basic

Action                   || total
-------------------------++-------
Melee: Unarmed           ||    17
       Short sword       ||     2
 Stab: Sleeping          ||     1
Armor: Robe              ||     3
Dodge: Dodged            ||     7

Table legend: (Time is in decaauts)
 A = Elapsed time spent in this place.
 B = Non-inter-level travel time spent in this place.
 C = Inter-level travel time spent in this place.
 D = Time resting spent in this place.
 E = Time spent auto-exploring this place.
 F = Levels seen in this place.
 G = Mean time per level.
                   A        B        C        D        E       F      G
               +--------+--------+--------+--------+--------+-----+--------+
         Total |    108 |    105 |      3 |      0 |     76 |   2 |   54.0 |
       Dungeon |    108 |    105 |      3 |      0 |     76 |   2 |   54.0 |
               +--------+--------+--------+--------+--------+-----+--------+

Top non-repeatable levels by time:
     D:1: 96 daAuts
     D:2: 12 daAuts
